[Event "Late-Titled-Tuesday-Blitz-September-26-2023"]
[Site "Chess.com"]
[Date "2023.09.26"]
[Round "2"]
[White "DonkyDonkyDonkey"]
[Black "Hananmo"]
[Result "1-0"]
[WhiteElo "2757"]
[BlackElo "2508"]
[TimeControl "180+1"]
[EndTime "14:17:34 PDT"]
[Termination "DonkyDonkyDonkey won on time"]

1. d4 Nf6 2. Nc3 c5 3. d5 g6 4. e4 d6 5. g3 Bg7 6. Bg2 O-O 7. Nge2 Na6 8. O-O Nc7 9. a4 b6 10. f4 a6 11. h3 Bb7 12. g4 b5 13. g5 Nd7 14. f5 b4 15. Nb1 c4 16. Nd2 Ne5 17. Nd4 a5 18. N2f3 Nxf3+ 19. Rxf3 Na6 20. Be3 Nc5 21.
Rf4 Rc8 22. Qf1 Ba6 23. Qf3 Nd7 24. Nc6 Rxc6 25. dxc6 Ne5 26. Qf2 Nxc6 27. f6 exf6 28. gxf6 Bh8 29. Rd1 Ne5 30. Bd4 1-0

[Event "Late-Titled-Tuesday-Blitz-September-26-2023"]
[Site "Chess.com"]
[Date "2023.09.26"]
[Round "2"]
[White "Angry_Twin"]
[Black "GoltsevDmitry2000"]
[Result "1-0"]
[WhiteElo "2951"]
[BlackElo "2599"]
[TimeControl "180+1"]
[EndTime "14:17:36 PDT"]
[Termination "Angry_Twin won by checkmate"]

1. d4 Nf6 2. c4 e6 3. Nc3 d5 4.
cxd5 exd5 5. Bg5 c6 6. e3 Be6 7. Bd3 Nbd7 8. Nge2 h6 9. Bh4 Bd6 10. O-O Bxh2+ 11. Kh1 Bd6 12. f3 g5 13. Bf2 h5 14.
e4 dxe4 15. fxe4 Ng4 16. d5 Nxf2+ 17. Rxf2 Bg4 18. dxc6 bxc6 19. Qa4 Ne5 20. Bc2 h4 21. Raf1 h3 22. g3 h2 23. Nd4 Qb6 24. Nd5 Qc5 25. Nf6+ Kd8 26. Nxg4 Nxg4 27. Rxf7 Ke8 28. Ne6 Qg1+ 29.
Rxg1 hxg1=Q+ 30. Kxg1 Kxf7 31. Nxg5+ Ke7 32. Qc4 Rh6 33.
Qf7+ Kd8 34. Ne6+ Kc8 35. Qe8+ Kb7 36. Qd7+ Kb6 37. Qxd6 Rah8 38. Qb4+ Ka6 39. Nc5# 1-0

[Event "Late-Titled-Tuesday-Blitz-September-26-2023"]
[Site "Chess.com"]
[Date "2023.09.26"]
[Round "2"]
[White "MMSANCHEZ"]
[Black "Bodhanas"]
[Result "1-0"]
[WhiteElo "2665"]
[BlackElo "2075"]
[TimeControl "180+1"]
[EndTime "14:17:36 PDT"]
[Termination "MMSANCHEZ won by resignation"]

1. d4 d6 2. e4 b6 3. Nc3 Bb7 4. Nf3 Nd7 5. a4 e6 6. a5 a6 7. axb6 cxb6 8. Bd3 Ngf6 9. O-O Be7 10. h3 O-O 11. Bf4 d5 12. exd5 Nxd5 13. Nxd5 exd5 14. Re1 Nf6 15. Qe2 Bd6 16. Bxd6 Qxd6 17. Qe7 Qxe7 18.
Rxe7 Rfb8 19. Ne5 a5 20. Rxf7 Ba6 21. Bf5 Bc8 22. Bxc8 Rxc8 23. c3 Rab8 24. f3 Re8 25. Rc7 Kf8 26. Kf2 Rbc8 27. Rb7 Rb8 28. Rxb8 Rxb8 29. b4 Rc8 30. bxa5 bxa5 31. Rxa5 Rxc3 32. g4 h6 33. h4 Rc2+ 34. Kg3 g5 35. Ra8+ Ke7 36.
Ra7+ Ke6 37. hxg5 hxg5 38. Nf7 Rc4 39. Nxg5+ Kd6 40. Ra6+ Ke7 41. Re6+ Kd7 42. Rxf6 Rxd4 43. Nh3 Rd1 44. g5 Ke7 45. Rf4 d4 46. g6 Ra1 47.
Rxd4 Ra6 48. Rg4 Ra8 49. g7 Rg8 50. Nf4 Kf6 51. Nh5+ Kf7 52. f4 Re8 53. g8=Q+ Rxg8 54. Rxg8 Kxg8 55. Kg4 Kf7 56. Kf5 Kf8 57. Kg6 Ke7 58. f5 Ke8 59. f6 Kf8 60. f7 Ke7 61. Kg7 1-0

[Event "Late-Titled-Tuesday-Blitz-September-26-2023"]
[Site "Chess.com"]
[Date "2023.09.26"]
[Round "2"]
[White "moro182"]
[Black "2k28Lakers"]
[Result "1-0"]
[WhiteElo "2872"]
[BlackElo "2557"]
[TimeControl "180+1"]
[EndTime "14:17:37 PDT"]
[Termination "moro182 won by checkmate"]

1. d4 Nf6 2. Bf4 c5 3. e3 Qb6 4. Na3 Qxb2 5. Nb5 Nd5 6. Rb1 Qxa2 7.
Nc7+ Nxc7 8. Bxc7 cxd4 9. exd4 b6 10. Nf3 Bb7 11. Be2 Qa5+ 12. Kf1 e6 13. Ne5 Be7 14. Bd3 Na6 15. Ra1 Qd5 16. f3 Nxc7 17. Be4 Qd6 18. Bxb7 Rb8 19. Be4 O-O 20. c3 f5 21. Nc4 Qf4 22.
Bd3 a5 23. Ne5 Nd5 24. Qc1 Qxc1+ 25. Rxc1 Rfd8 26. Bb5 Rb7 27. c4 Nf6 28. Ke2 Bd6 29.
Nd3 Rc8 30. Rb1 Kf7 31. Rhc1 Ke7 32. g3 g5 33. Ba4 Rbb8 34. Rb5 h5 35. Kf2 h4 36.
Kg2 hxg3 37. hxg3 Nh5 38. Rh1 Nxg3 39. Rh7+ Kf6 40. Ne5 Ne2 41. Rf7# 1-0

[Event "Late-Titled-Tuesday-Blitz-September-26-2023"]
[Site "Chess.com"]
[Date "2023.09.26"]
[Round "2"]
[White "gabduschew"]
[Black "German_Bazeev"]
[Result "0-1"]
[WhiteElo "2386"]
[BlackElo "2756"]
[TimeControl "180+1"]
[EndTime "14:17:37 PDT"]
[Termination "German_Bazeev won by resignation"]

1. b3 Nf6 2. Bb2 g6 3. Bxf6 exf6 4. e3 h5 5. d4 h4 6. h3 d5 7. Nf3 Nd7 8. Bd3 f5 9. O-O Nf6 10. c4 dxc4 11. bxc4 c5 12. Nc3 Be7 13. d5 Kf8 14. Rb1 b6 15. Re1 Kg7 16. Qc2 Bd7 17. Re2 Bd6 18.
Rbe1 Nh5 19. Qb2 Qf6 20. Nb5 Bxb5 21. Qxb5 g5 22. Kh1 g4 23. Ng1 Qe5 24. Qb2 Qxb2 25.
Rxb2 Kf6 26. a4 Be5 27. Ra2 Bc3 28.
Rc1 Bb4 29. Ne2 Rhe8 30. Kg1 g3 31. Rf1 gxf2+ 32. Rxf2 Ng7 33. e4 Kg5 34. exf5 Nh5 35. f6 Re5 36. Ra1 Rae8 37. Raf1 Kh6 38. Nf4 Ng3 39. Rd1 Bc3 40. Kh2 Re1 41. Rxe1 Rxe1 42.
Bf1 Nxf1+ 0-1

[Event "Late-Titled-Tuesday-Blitz-September-26-2023"]
[Site "Chess.com"]
[Date "2023.09.26"]
[Round "2"]
[White "Vadim_Biliy"]
[Black "Lion_DL"]
[Result "0-1"]
[WhiteElo "2324"]
[BlackElo "2508"]
[TimeControl "180+1"]
[EndTime "14:17:38 PDT"]
[Termination "Lion_DL won on time"]

1. d4 Nf6 2. Nf3 e6 3. e3 b6 4.
Be2 Bb7 5. O-O Be7 6. c4 O-O 7. Nc3 Ne4 8. Bd2 f5 9. Rb1 a5 10. b3 d6 11. Be1 Nd7 12. Qc2 Ndf6 13. Nd2 Nxc3 14. Qxc3 Ne4 15. Qc2 Qe8 16. f3 Nxd2 17.
Bxd2 Qg6 18. Bd3 e5 19. d5 Rae8 20. f4 e4 21. Be2 Bf6 22. Bc3 Qh6 23. Kh1 Bxc3 24.
Qxc3 Rf6 25. a3 Qh4 26. Qe1 Qxe1 27. Rfxe1 Kf7 28. b4 axb4 29. axb4 Ke7 30. Ra1 Kd7 31.
Ra7 Rb8 32. g4 g6 33. h4 Rff8 34. Kh2 Bc8 35. Rea1 Rb7 36. Ra8 Rd8 37. Kg3 Ke7 38. h5 fxg4 39. Bxg4 Bxg4 40. Rxd8 Kxd8 41. Kxg4 Rb8 42.
hxg6 hxg6 43. Kg5 Ke7 44. Kxg6 Rg8+ 45. Kf5 Rg3 46. Kxe4 Kf6 47. c5 bxc5 48. bxc5 dxc5 49. Ra7 Rg7 50. Ra6+ Ke7 51. Rc6 Kd7 52. Rxc5 Re7+ 53. Kd4 Rf7 0-1

[Event "Late-Titled-Tuesday-Blitz-September-26-2023"]
[Site "Chess.com"]
[Date "2023.09.26"]
[Round "2"]
[White "Gameking51"]
[Black "ChristopherYoo"]
[Result "0-1"]
[WhiteElo "2614"]
[BlackElo "3007"]
[TimeControl "180+1"]
[EndTime "14:17:40 PDT"]
[Termination "ChristopherYoo won on time"]

1. e4 d6 2. d4 Nf6 3. Nc3 Nc6 4.
d5 Nb8 5. f4 c6 6. Nf3 g6 7.
Be2 Bg7 8. O-O cxd5 9. exd5 O-O 10. Kh1 Na6 11. Be3 Nc5 12. Bd4 b6 13. b4 Ncd7 14. Na4 Bb7 15. c4 b5 16. cxb5 Nxd5 17. Bxg7 Kxg7 18.
Qd4+ N7f6 19. Ng5 h6 20. Ne4 e5 21. fxe5 dxe5 22. Qd3 Nf4 23. Qxd8 Raxd8 24. Nxf6 Bxg2+ 25. Kg1 Bxf1 26. Bxf1 Kxf6 27. Nc5 Rd4 28. a3 Rfd8 29. Re1 Kf5 30. a4 Rxb4 31. a5 Rd5 32. Rc1 e4 33. Na6 Rbxb5 34. Nc7 Rbc5 0-1

[Event "Late-Titled-Tuesday-Blitz-September-26-2023"]
[Site "Chess.com"]
[Date "2023.09.26"]
[Round "2"]
[White "PawnEatingZombie"]
[Black "PapaieDudu"]
[Result "1-0"]
[WhiteElo "2147"]
[BlackElo "2421"]
[TimeControl "180+1"]
[EndTime "14:17:40 PDT"]
[Termination "PawnEatingZombie won by checkmate"]

1. e4 c5 2. c3 Nf6 3. e5 Nd5 4. Nf3 Nc6 5. Bc4 e6 6. d4 d6 7. O-O Be7 8. Nbd2 cxd4 9. cxd4 O-O 10. Ne4 h6 11. a3 dxe5 12. dxe5 a6 13. Qe2 b5 14. Ba2 Bb7 15. Rd1 b4 16. Be3 bxa3 17.
bxa3 Qc7 18. Bxd5 exd5 19. Nc5 Bc8 20. Rac1 Rd8 21. e6 fxe6 22. Nd4 Nxd4 23. Bxd4 Bxc5 24. Rxc5 Qf7 25. Rdc1 Bd7 26. Rc7 Rac8 27. Qxa6 Bb5 28. Qb6 Rxc7 29. Rxc7 Qe8 30. Rxg7+ Kf8 31. Qc7 Rc8 32.
Rg8+ Kxg8 33. Qg7# 1-0

[Event "Late-Titled-Tuesday-Blitz-September-26-2023"]
[Site "Chess.com"]
[Date "2023.09.26"]
[Round "2"]
[White "IgorBjelobrk"]
[Black "OparinGrigoriy"]
[Result "0-1"]
[WhiteElo "2605"]
[BlackElo "2972"]
[TimeControl "180+1"]
[EndTime "14:17:41 PDT"]
[Termination "OparinGrigoriy won by resignation"]

1. d4 Nf6 2. c4 e6 3. g3 c5 4. d5 exd5 5. cxd5 d6 6. Nc3 g6 7. Bg2 Bg7 8. Nf3 O-O 9. O-O Re8 10. Re1 a6 11. a4 Ne4 12. Nxe4 Rxe4 13. Qc2 Bf5 14. Ng5 Rb4 15. e4 Bd7 16. Ra2 a5 17.
Bd2 Na6 18. b3 Rd4 19. Nf3 Nb4 20. Bxb4 Rxb4 21. Nd2 b5 22. axb5 Bxb5 23. Bf1 Rb8 24. Bxb5 R8xb5 25. Re3 Bd4 26. Rf3 Qb8 27. Kg2 h5 28. h4 Kg7 29. Qd1 Qe8 30. Qc2 Qb8 31.
Ra3 a4 32. Rxa4 Rxa4 33. bxa4 Rb2 34. Qd3 Ra2 35. Nc4 Rxa4 36. Qc2 Rb4 37. Kh2 Qd8 38. Kg2 Qe7 39. Qe2 Rb1 40. Qc2 Re1 41. Rf4 Be5 42. Rf3 Bf6 43. Re3 Ra1 44. Qb3 Bd4 45. Re2 Rc1 46. Qd3 Rc3 0-1

[Event "Late-Titled-Tuesday-Blitz-September-26-2023"]
[Site "Chess.com"]
[Date "2023.09.26"]
[Round "2"]
[White "iturrizaga"]
[Black "RichardLeyvaP"]
[Result "0-1"]
[WhiteElo "2992"]
[BlackElo "2634"]
[TimeControl "180+1"]
[EndTime "14:17:42 PDT"]
[Termination "RichardLeyvaP won on time"]

1. c4 Nf6 2. g3 e6 3. Bg2 d5 4. Nf3 Be7 5. O-O O-O 6. d4 dxc4 7. Qc2 a6 8. a4 Ra7 9. Rd1 b6 10. Nbd2 Bb7 11. Nxc4 Nbd7 12. Nfe5 Bxg2 13. Kxg2 Qa8+ 14. f3 Rc8 15. Bg5 h6 16. Nxd7 hxg5 17. Nde5 Qb7 18. Nxf7 Kxf7 19. Ne5+ Kg8 20. Nc6 Bf8 21. e4 Raa8 22.
Rac1 Re8 23. h3 a5 24. Qb3 Kh7 25. Rc2 Kg6 26. Rdc1 Rac8 27. Qd3 Kf7 28. Qe3 b5 29. Qxg5 bxa4 30. Ne5+ Kg8 31. Qg6 c5 32. dxc5 Bxc5 33. Rxc5 Rxc5 34. Rxc5 Qxb2+ 35. Kf1 Qa1+ 36. Ke2 Qb2+ 37.
Ke3 Qb6 38. Nd3 Rc8 39. Qg5 a3 40. Qe5 a2 0-1

[Event "Late-Titled-Tuesday-Blitz-September-26-2023"]
[Site "Chess.com"]
[Date "2023.09.26"]
[Round "2"]
[White "as9killer2"]
[Black "Harsha_Bharathakoti"]
[Result "0-1"]
[WhiteElo "2584"]
[BlackElo "2903"]
[TimeControl "180+1"]
[EndTime "14:17:42 PDT"]
[Termination "Harsha_Bharathakoti won by resignation"]

1. c4 e6 2. Nc3 d5 3. e3 Nf6 4.
Nf3 b6 5. cxd5 exd5 6. d4 Bd6 7. Bb5+ c6 8. Bd3 O-O 9. O-O Re8 10. Re1 Ne4 11. Bxe4 dxe4 12. Nd2 Bf5 13. Nc4 Bc7 14. d5 Qh4 15. d6 Bd8 16. a4 Nd7 17. b4 Re6 18. Ne2 Rh6 19. h3 Bxh3 20. gxh3 Qxh3 21.
Ng3 Qh2+ 22. Kf1 Rf6 23. Nxe4 Qh1+ 24. Ke2 Qxe4 25. Nd2 Qg4+ 26. f3 Qg2+ 27. Kd3 Rxd6+ 28. Kc2 Bf6 29. Ra2 Ne5 30. Rg1 Qh3 31. Bb2 Rad8 32.
Bc3 Nxf3 33. Ne4 Rxd1 34. Nxf6+ Kf8 35. Rxd1 Rxd1 36. Kxd1 gxf6 37. Rf2 Ke7 38. Kc2 Ne5 39. Re2 Qf3 40. Kd2 Nc4+ 41. Ke1 Qh1+ 42. Kf2 Nd6 43.
e4 Nxe4+ 44. Ke3 Nxc3 0-1

[Event "Late-Titled-Tuesday-Blitz-September-26-2023"]
[Site "Chess.com"]
[Date "2023.09.26"]
[Round "2"]
[White "Botvinnak"]
[Black "RonArtest77"]
[Result "1/2-1/2"]
[WhiteElo "2308"]
[BlackElo "2493"]
[TimeControl "180+1"]
[EndTime "14:17:44 PDT"]
[Termination "Game drawn - insufficient material"]

1. Nf3 d5 2. b3 e6 3. e3 c6 4.
Bb2 f5 5. Be2 Nf6 6. O-O Bd6 7.
c4 O-O 8. Ba3 Bxa3 9. Nxa3 Nbd7 10. Rc1 Qe8 11. cxd5 exd5 12. Nc2 Ne4 13. Ncd4 Nd6 14.
b4 a6 15. a4 g6 16. Qb3 Qf7 17. d3 Re8 18. Rfe1 f4 19. e4 dxe4 20. dxe4 Qxb3 21. Nxb3 Kg7 22. Bd3 Ne5 23. Nxe5 Rxe5 24. Rcd1 Be6 25.
Nc5 b6 26. Nxe6+ Rxe6 27. e5 Nf7 28. Bc4 Rxe5 29. Kf1 Rxe1+ 30. Rxe1 Nd6 31. Re7+ Kh6 32. Bd3 b5 33. a5 Rd8 34. g3 Nc8 35. Rc7 Rxd3 36.
Rxc8 f3 37. Ke1 Rc3 38. Kd2 Rc4 39. Ke3 Rc3+ 40. Kf4 g5+ 41. Kg4 Kg6 42. Rg8+ Kf7 43. Rc8 h6 44. h4 Kg6 45. Rg8+ Kf6 46. Rc8 Kg7 47. hxg5 hxg5 48. Kxg5 Rc2 49. Rc7+ Kf8 50. Kf6 Ke8 51. g4 Rxf2 52. Rxc6 Kd7 53. Rxa6 Rg2 54. Ra7+ Kc6 55. Ra6+ Kb7 56. Rb6+ Ka7 57. Rxb5 Rxg4 58.
Rf5 Rxb4 59. Rxf3 Ka6 60. Rf5 Rb5 61. Rxb5 Kxb5 62. a6 Kxa6 1/2-1/2

[Event "Late-Titled-Tuesday-Blitz-September-26-2023"]
[Site "Chess.com"]
[Date "2023.09.26"]
[Round "2"]
[White "RIPOL"]
[Black "midedu"]
[Result "1-0"]
[WhiteElo "2414"]
[BlackElo "2004"]
[TimeControl "180+1"]
[EndTime "14:17:45 PDT"]
[Termination "RIPOL won on time"]

1. d4 Nf6 2. Bg5 e6 3. e4 d6 4.
Bd3 Be7 5. Nd2 a6 6. f4 Nbd7 7. Ngf3 h6 8. Bh4 b5 9. O-O Bb7 10. Qe2 c5 11. c3 cxd4 12. cxd4 Rc8 13. a4 bxa4 14. Rxa4 Nb8 15. e5 Nd5 16. Bg3 dxe5 17. dxe5 Nb4 18. Be4 Bd5 19. f5 exf5 20. Bxf5 Rc6 21. Nd4 Rb6 22. Kh1 Bxg2+ 23. Qxg2 Qxd4 24. e6 O-O 25. Bf2 Qd6 26. Bxb6 Qxb6 27. exf7+ Rxf7 28.
Bh7+ Kf8 29. Rxf7+ Kxf7 30. Qf3+ Bf6 31. Qh5+ Kf8 32.
Ne4 a5 33. Nxf6 1-0

[Event "Late-Titled-Tuesday-Blitz-September-26-2023"]
[Site "Chess.com"]
[Date "2023.09.26"]
[Round "2"]
[White "Hrant_ChessMood"]
[Black "Mikhail_Golubev"]
[Result "1-0"]
[WhiteElo "2912"]
[BlackElo "2587"]
[TimeControl "180+1"]
[EndTime "14:17:46 PDT"]
[Termination "Hrant_ChessMood won on time"]

1. d4 Nf6 2. c4 g6 3. Nc3 Bg7 4. e4 d6 5. f3 O-O 6. Nge2 a6 7. Ng3 Nc6 8. Be3 e5 9. d5 Nd4 10. Nge2 c5 11. dxc6 Nxc6 12. Qd2 b5 13. cxb5 axb5 14.
Ng3 b4 15. Nd5 Nxd5 16. Qxd5 Nd4 17. Qxa8 Nc2+ 18. Kf2 Nxe3 19. Qa7 Nc2 20. Rc1 Nd4 21. Bc4 Bh6 22. Rcd1 Nc2 23. Nf1 Qf6 24. h4 Nd4 25. Ne3 Bxe3+ 26. Kxe3 Bg4 27. Rxd4 Qf4+ 28. Kf2 exd4 29. Qxd4 Be6 30. g3 Qh6 31. Bxe6 fxe6 32. Qxd6 g5 33. Kg2 g4 34. f4 Qg6 35. Re1 Qf6 36. Re2 Rc8 37. f5 Kf7 38. fxe6+ 1-0

[Event "Late-Titled-Tuesday-Blitz-September-26-2023"]
[Site "Chess.com"]
[Date "2023.09.26"]
[Round "2"]
[White "The_Princess_Moon"]
[Black "brunoo2003"]
[Result "1/2-1/2"]
[WhiteElo "2274"]
[BlackElo "2468"]
[TimeControl "180+1"]
[EndTime "14:17:46 PDT"]
[Termination "Game drawn by repetition"]

1. e4 e6 2. d4 d5 3. e5 c5 4. c3 Nc6 5. Be2 Qb6 6. Nf3 Bd7 7. O-O cxd4 8. cxd4 Nge7 9. Nc3 Nf5 10. Na4 Qd8 11. Bg5 Qa5 12. Bd2 Bb4 13. Bxb4 Qxb4 14. a3 Qe7 15. Rc1 g5 16. Bb5 g4 17. Bxc6 Bxc6 18. Ne1 h5 19. Rxc6 bxc6 20. Nc5 Kf8 21. Nc2 a5 22. Ne3 Nxe3 23. fxe3 Kg7 24. Qd2 Qg5 25.
Qf2 Qg6 26. Nd7 Ra7 27. Nf6 Rb7 28. Rc1 Rhb8 29. Qh4 Kh6 30. h3 gxh3 31. Qxh3 Rxb2 32. Rf1 Rb1 33. Rxb1 Rxb1+ 34. Kh2 Qf5 35. Qg3 Qg5 36. Ng8+ Kg6 37. Ne7+ Kh6 38. Ng8+ Kg6 39. Ne7+ Kh6 40. Ng8+ 1/2-1/2

[Event "Late-Titled-Tuesday-Blitz-September-26-2023"]
[Site "Chess.com"]
[Date "2023.09.26"]
[Round "2"]
[White "rose107"]
[Black "komogro"]
[Result "0-1"]
[WhiteElo "2089"]
[BlackElo "2433"]
[TimeControl "180+1"]
[EndTime "14:17:46 PDT"]
[Termination "komogro won on time"]

1. e4 g6 2. d4 Bg7 3. Nf3 d6 4. c4 Nf6 5. Nc3 O-O 6. Be2 e5 7.
dxe5 dxe5 8. Qxd8 Rxd8 9. Nxe5 Nxe4 10. Nxf7 Bxc3+ 11. bxc3 Kxf7 12. O-O Nxc3 13. Bf3 c6 14. Bb2 Na4 15. Ba3 Na6 16. Rfe1 Be6 17. Rab1 N6c5 18.
Re5 b6 19. Bxc6 Rac8 20. Bxa4 Nxa4 21. Rbe1 Rc6 22. R5e3 Rd4 23. Rf3+ Bf5 24. Re7+ Kf6 25. h3 h5 26. Rxa7 Rcxc4 27. Re3 Nc5 28. Bb2 Kg5 29. Rg3+ Kh6 30. Bxd4 Rxd4 31. Rc7 Rd1+ 32. Kh2 Rd2 33.
Rf3 Rxa2 34. Rc6 Rb2 35. Rg3 Ne4 36. Rf3 Kg5 0-1

[Event "Late-Titled-Tuesday-Blitz-September-26-2023"]
[Site "Chess.com"]
[Date "2023.09.26"]
[Round "2"]
[White "ukchessbomber"]
[Black "dorpato"]
[Result "1-0"]
[WhiteElo "2663"]
[BlackElo "2023"]
[TimeControl "180+1"]
[EndTime "14:17:47 PDT"]
[Termination "ukchessbomber won by resignation"]

1. b4 g6 2. Bb2 Nf6 3. e3 d5 4. c4 Bg7 5. cxd5 O-O 6. Nf3 Nxd5 7. Bxg7 Kxg7 8. Qb3 Nc6 9. a3 Be6 10. Qb2+ Nf6 11.
Be2 Qd6 12. O-O Bd5 13. Nc3 Bxf3 14. Bxf3 Rad8 15. d4 Kg8 16. Nb5 Qd7 17. Rac1 a6 18. Bxc6 bxc6 19. Na7 Ng4 20. Nxc6 Qd6 21. Ne5 Nxe5 22.
dxe5 Qb6 23. Rc5 Rd7 24. h4 Rfd8 25. Qc2 Rd2 26. Qc4 R2d7 27. h5 gxh5 28. Qe4 Qg6 29. Qf3 e6 30. Rfc1 Rd5 31. Rxd5 Rxd5 32. Rxc7 Rxe5 33. Rc8+ Kg7 34. Qa8 Kh6 35. Rg8 Qf6 36. Qf8+ 1-0

[Event "Late-Titled-Tuesday-Blitz-September-26-2023"]
[Site "Chess.com"]
[Date "2023.09.26"]
[Round "2"]
[White "DeArron_Fox"]
[Black "MajorCoast"]
[Result "1-0"]
[WhiteElo "2479"]
[BlackElo "2275"]
[TimeControl "180+1"]
[EndTime "14:17:48 PDT"]
[Termination "DeArron_Fox won on time"]

1. d4 d5 2. c4 e6 3. Nc3 h6 4. Nf3 Nf6 5. Bf4 Bd6 6. Bxd6 Qxd6 7. e3 O-O 8. Bd3 dxc4 9. Bxc4 a6 10.
O-O b5 11. Bd3 Bb7 12. e4 Qe7 13. e5 Nd5 14. Ne4 Nf4 15. Bb1 Nd7 16. Qc2 Bxe4 17. Qxe4 Ng6 18. h4 Rfc8 19. h5 Ngf8 20. a4 b4 21. Ba2 Nb6 22. a5 Nbd7 23. Rac1 c5 24.
d5 exd5 25. Bxd5 Rab8 26. Rfe1 Rb5 27. Nh4 Ne6 28. Nf5 Qf8 29. Nd6 Rxa5 30. Nxc8 Qxc8 31. f4 Qe8 32. f5 Ng5 33. Qf4 1-0

[Event "Late-Titled-Tuesday-Blitz-September-26-2023"]
[Site "Chess.com"]
[Date "2023.09.26"]
[Round "2"]
[White "venturov"]
[Black "imdarealist"]
[Result "1-0"]
[WhiteElo "2468"]
[BlackElo "2242"]
[TimeControl "180+1"]
[EndTime "14:17:48 PDT"]
[Termination "venturov won on time"]

1. e4 e5 2. Nf3 Nf6 3. Nxe5 d6 4. Nf3 Nxe4 5. c4 Be7 6. Nc3 Nxc3 7. bxc3 O-O 8. d4 Bg4 9. h3 Bh5 10. Bd3 Nd7 11.
O-O Nf6 12. Bf4 Re8 13. g4 Bg6 14. Qc2 d5 15. Ne5 dxc4 16. Nxg6 cxd3 17. Nxe7+ Rxe7 18. Qxd3 Qd5 19. Rfe1 Rae8 20. Rxe7 Rxe7 21. f3 h6 22. c4 Qa5 23. Bd2 Qb6 24. Kg2 Rd7 25. Bc3 Qd6 26.
Rd1 Qf4 27. Qd2 Qd6 28. d5 b5 29. Bxf6 Qxf6 30. cxb5 Qb6 31. a4 a6 32. Qd3 Re7 33.
bxa6 Qd6 34. a7 Re8 35. Qb5 Qe5 36. Rd2 Qe3 37. a8=Q h5 38. Qaxe8+ 1-0

[Event "Late-Titled-Tuesday-Blitz-September-26-2023"]
[Site "Chess.com"]
[Date "2023.09.26"]
[Round "2"]
[White "MikeSailer"]
[Black "Roenko_Artur"]
[Result "0-1"]
[WhiteElo "2214"]
[BlackElo "2465"]
[TimeControl "180+1"]
[EndTime "14:17:49 PDT"]
[Termination "Roenko_Artur won on time"]

1. d4 d5 2. Nc3 Nf6 3. Bf4 c5 4.
e4 cxd4 5. Qxd4 Nc6 6. Bb5 a6 7. Bxc6+ bxc6 8. O-O-O e6 9. exd5 cxd5 10. Nf3 Qa5 11. Be5 Be7 12. h4 Bd7 13. h5 h6 14.
g4 Rc8 15. g5 hxg5 16. h6 Rc4 17. Qd2 gxh6 18. Nxg5 Rg8 19. Rxh6 Ng4 20. Nxf7 Kxf7 21. Rh7+ Ke8 22. Bg3 Bg5 23. f4 Bf6 24. Rxd7 Kxd7 25. Rh1 Bxc3 26. bxc3 Qa3+ 27. Kd1 Qxc3 28. Rh7+ Kc6 29.
Qxc3 Rxc3 30. f5 Ne3+ 31. Ke2 Rxg3 0-1

[Event "Late-Titled-Tuesday-Blitz-September-26-2023"]
[Site "Chess.com"]
[Date "2023.09.26"]
[Round "2"]
[White "stolencandy13"]
[Black "WiseKing_08"]
[Result "1-0"]
[WhiteElo "2556"]
[BlackElo "2350"]
[TimeControl "180+1"]
[EndTime "14:17:50 PDT"]
[Termination "stolencandy13 won on time"]

1. d4 d5 2. Bf4 c5 3. e3 cxd4 4. exd4 Nc6 5. c3 Bf5 6. Nd2 e6 7. Qb3 Qd7 8. Ngf3 f6 9. Be2 g5 10. Bg3 h5 11. h4 g4 12. Nh2 Nh6 13. Nhf1 Nf7 14. Ne3 Bg6 15. O-O-O Bd6 16. Bxd6 Nxd6 17. f3 f5 18. fxg4 fxg4 19. Rde1 O-O-O 20. Rhf1 Rhf8 21. g3 Kb8 22. Ng2 Nxd4 23. cxd4 Rc8+ 24. Kd1 Qc6 25. Bd3 Be4 26. Rxf8 Rxf8 27. Nf4 Nf5 28. Nxe4 dxe4 29. Bxe4 Qd7 30. Qb4 Rd8 31. Bxf5 exf5 32. Re7 Qc6 33. d5 Qa6 34. Ke1 Rc8 35. Ne2 b6 36. Qd6+ Ka8 37. Qd7 Rb8 38. Re8 1-0

[Event "Late-Titled-Tuesday-Blitz-September-26-2023"]
[Site "Chess.com"]
[Date "2023.09.26"]
[Round "2"]
[White "imdvb6307"]
[Black "ShahxaibKhan"]
[Result "1-0"]
[WhiteElo "2489"]
[BlackElo "2280"]
[TimeControl "180+1"]
[EndTime "14:17:50 PDT"]
[Termination "imdvb6307 won on time"]

1. d4 Nf6 2. Nf3 e6 3. Bg5 c5 4.
e3 Qb6 5. Nbd2 d5 6. Rb1 Ne4 7. Bf4 Nc6 8. c3 Be7 9. Bd3 f5 10.
g4 O-O 11. gxf5 exf5 12. Qb3 c4 13. Qxb6 axb6 14. Bc2 h6 15. a3 g5 16. Bg3 b5 17.
h4 Nxg3 18. fxg3 Be6 19. hxg5 hxg5 20. Rh5 Bf7 21. Rh2 Bg6 22. Ke2 Kg7 23. Rbh1 Bf6 24. Ne1 Rae8 25. Ng2 Re7 26. g4 Bxd4 27. gxf5 Rxf5 28.
Bxf5 Bxf5 29. cxd4 Nxd4+ 30. Kf2 Nc6 31. Nf3 g4 32.
Nd4 Rf7 33. Nxf5+ Rxf5+ 34. Kg3 Ne5 35. Nf4 Kf6 36. Rh6+ Ke7 37. Nxd5+ 1-0

[Event "Late-Titled-Tuesday-Blitz-September-26-2023"]
[Site "Chess.com"]
[Date "2023.09.26"]
[Round "2"]
[White "Kazmin_Semyon"]
[Black "GAO"]
[Result "0-1"]
[WhiteElo "2483"]
[BlackElo "2346"]
[TimeControl "180+1"]
[EndTime "14:17:51 PDT"]
[Termination "GAO won by checkmate"]

1. d4 Nf6 2. Bf4 d5 3. e3 c5 4. c3 e6 5. Nd2 Nc6 6. Bd3 Bd6 7. Bxd6 Qxd6 8. f4 b6 9. a3 Bb7 10. Ngf3 Ne7 11. Qb1 Ng6 12. O-O O-O 13. Ne5 a6 14. Rf3 b5 15. Rh3 Rac8 16. g4 Nd7 17. Qe1 Ndxe5 18. fxe5 Qe7 19. Nf3 f6 20. Rxh7 fxe5 21. Bxg6 Rxf3 22. Rh5 cxd4 23. Qe2 Rxe3 24. Qf2 Qf6 25.
Bh7+ Kf8 26. Qg2 dxc3 27. Rf1 c2 28. Rxf6+ gxf6 29. Bxc2 Re1+ 30. Kf2 Rxc2+ 31. Kxe1 Rxg2 32. Rh8+ Kg7 33. Rb8 Bc6 34. Rc8 Rc2 35. Kd1 Rc4 36. b3 Rc3 37. Kd2 d4 38. Rc7+ Kg6 39. h4 Be4 40. h5+ Kg5 41. Rg7+ Kf4 42. h6 Rxb3 43. Rf7 Kg5 44. Rg7+ Kf4 45. Rg8 Rxa3 46. g5 fxg5 47.
Rf8+ Kg3 48. Rf1 Ra2+ 49. Kc1 Ra1+ 50. Kd2 Rxf1 51. h7 Rh1 52. Ke2 Rxh7 53. Kd2 Rh2+ 54. Ke1 Kf3 55. Kd1 Ke3 56. Kc1 Kd3 57. Kb1 Kc3+ 58.
Ka1 Bd5 59. Kb1 a5 60. Ka1 Kb3 61. Kb1 Rh1# 0-1

[Event "Late-Titled-Tuesday-Blitz-September-26-2023"]
[Site "Chess.com"]
[Date "2023.09.26"]
[Round "2"]
[White "NovikovaGalina"]
[Black "JoakimVonAnd"]
[Result "0-1"]
[WhiteElo "2432"]
[BlackElo "2717"]
[TimeControl "180+1"]
[EndTime "14:17:52 PDT"]
[Termination "JoakimVonAnd won by checkmate"]

1. e4 g6 2. d4 Bg7 3. Nc3 a6 4.
f3 d5 5. exd5 Nf6 6. Be3 Nxd5 7.
Nxd5 Qxd5 8. Qd2 b5 9. Ne2 O-O 10.
Nc3 Qd8 11. O-O-O e5 12. d5 Nd7 13. h4 f5 14. Bh6 Nf6 15. Bxg7 Kxg7 16. h5 Nxh5 17. Be2 h6 18. Kb1 Qg5 19. Qe1 Bb7 20. g4 fxg4 21. fxg4 Nf4 22. Ne4 Qe7 23. g5 Bxd5 24. gxh6+ Kh7 25. Bf3 Rad8 26. Qg3 Bxe4 27. Bxe4 Rxd1+ 28. Rxd1 Rd8 29. Rg1 Rd6 30. Qg4 Qd7 31.
Qf3 a5 32. a3 a4 33. Qc3 Rd4 34. Re1 Qd6 35. Qa5 Rd1+ 36. Rxd1 Qxd1+ 37. Ka2 Ne2 38.
Qxc7+ Kxh6 39. Qc5 Nc1+ 40. Kb1 Nb3+ 41. Ka2 Qa1# 0-1